 Dungeon Sprint DCSS version 0.26-a0-113-gd8a95b691d (webtiles) character file.

Game seed: 10609606298590632497

2814 Apogee the Covert (level 9, -1/39 HPs)
             Began as a Spriggan Enchanter on June 25, 2020.
             Slain by a demonic crawler (8 damage)
             ... in the Dungeon (Sprint I: "Red Sonja").
             The game lasted 00:06:31 (734 turns).

Apogee the Covert (Spriggan Enchanter)               Turns: 734, Time: 00:06:32

Health: -1/39      AC:  2    Str:  4    XL:     9   Next: 44%
Magic:  8/27       EV: 29    Int: 20    God:
Gold:   827        SH:  0    Dex: 16    Spells: 26/35 levels left

rFire    . . .     SeeInvis +   c - +0 short sword (distort)
rCold    . . .     Faith    .   (shield restricted)
rNeg     . . .     Spirit   .   b - +0 robe
rPois    .         Reflect  .   (helmet restricted)
rElec    .         Harm     .   (no cloak)
rCorr    .         NoTele   +   (gloves unavailable)
MR       +....                  (boots unavailable)
Stlth    ++++++....             (no amulet)
HPRegen  0.13/turn              (no ring)
MPRegen  0.20/turn              (no ring)

@: very quick
A: very small, unfitting armour, see invisible, herbivore, speed 3, slow
metabolism 2
a: no special abilities


You were in the Dungeon.
You were not hungry.

You visited 1 branch You collected 827 gold pieces.

Inventory:

Hand Weapons
 a - a +1 dagger
 c - a +0 short sword of distortion (weapon)
Missiles
 k - 8 curare-tipped darts (quivered)
Armour
 b - a +0 robe (worn)
Scrolls
 j - a scroll of blinking {!r}
 l - a scroll of identify {unknown}
Potions
 e - 4 potions of curing
 f - a potion of heal wounds
 g - a potion of haste
 h - 2 potions of magic
 i - a potion of berserk rage {!q}
Comestibles
 d - 2 rations


   Skills:
 - Level 8.4 Short Blades
 - Level 9.1 Throwing
 - Level 13.1 Dodging
 - Level 14.4 Stealth
 + Level 13.7 Spellcasting
 - Level 8.1 Hexes


You had 26 spell levels left.
You knew the following spells:

 Your Spells              Type           Power        Failure   Level  Hunger
a - Ensorcelled Hibernat  Hex/Ice        ####..       1%          2    None
b - Confusing Touch       Hex            #####...     1%          3    None
c - Dazzling Flash        Conj/Hex       ####..       2%          3    None
v - Corona                Hex            #####..      1%          1    None

Your spell library contained the following spells:

 Spells                   Type           Power        Failure   Level  Hunger
 Tukima's Dance           Hex            #####...     1%          3    None
 Sting                    Tmut/Pois      ##..         4%          1    None
 Poisonous Vapours        Pois/Air       ##....       7%          2    None
 Ignite Poison            Fire/Tmut/Pois ##......     14%         3    None
 Mephitic Cloud           Conj/Pois/Air  ##......     14%         3    None
 Olgreb's Toxic Radiance  Pois           ##......     43%         4    None


Dungeon Overview and Level Annotations

Branches:
Dungeon (1/1)

Altars:
Cheibriados
Dithmenos
Elyvilon
Fedhas
Gozag
Hepliaklqana
Kikubaaqudgha
Makhleb
Nemelex Xobeh
Okawaru
Qazlal
Ru
Sif Muna
Trog
Uskayaw
Vehumet
Wu Jian
Xom
Yredelemnul
Zin
The Shining One
Jiyva
Lugonu

Shops:
D [([


Innate Abilities, Weirdness & Mutations

You are very small and have problems with some larger weapons.
You are too small for most types of armour.
You have supernaturally acute eyesight. (SInv)
You are a herbivore.
You cover ground extremely quickly.
You need to consume almost no food.


Message History

Casting: Dazzling Flash (dangerous; 2% risk of failure)
Confirm with . or Enter, or press ? or * to list all spells.
The demonic crawler completely misses you. x2
The demonic crawler closely misses you.
Casting: Dazzling Flash (dangerous; 2% risk of failure)
Confirm with . or Enter, or press ? or * to list all spells.
The demonic crawler misses you. x2
The demonic crawler completely misses you.
Casting: Dazzling Flash (dangerous; 2% risk of failure)
Confirm with . or Enter, or press ? or * to list all spells.
The demonic crawler misses you. x2; The demonic crawler hits you.
Casting: Dazzling Flash (dangerous; 2% risk of failure)
Confirm with . or Enter, or press ? or * to list all spells.
The demonic crawler is dazzled. x2
The demonic crawler completely misses you.
The demonic crawler hits you! x2
* * * LOW HITPOINT WARNING * * *
The demonic crawler completely misses you.
The demonic crawler hits you!
You die...

#..#####'#####'#__####.ss's
#..####..#...#.#### #####.
#..#__####..##(#≈≈§§ +
#..#_____##'#_.+§§§§
#⌠⌠#_.∩...'..._#≈≈§§
####_..__##_.#+##+###
#_____###'# #[.([###
###########.####'###)##
∩^......s@s..'..[..'.∩#
##++++####...##########
###.### #.#'#.# #.....#
#..().# #######


You could see 2 demonic crawlers.

Vanquished Creatures
  Sonja (D)
  A deep troll (D)
  2 kobold demonologists (D)
  2 demonic crawlers (D)
  A slime creature (D)
  Sigmund (D)
  A yak (D)
  A floating eye (D)
  An ogre (D)
  A jelly (D)
  Ijyb (D)
  A ballistomycete spore (D)
14 creatures vanquished.

Vanquished Creatures (others)
  2 hornets (D)
  A ballistomycete spore (D)
3 creatures vanquished.

Grand Total: 17 creatures vanquished

Notes
Turn   | Place    | Note
-------+----------+-------------------------------------------
     0 | D        | Apogee the Spriggan Enchanter began the quest for the Orb.
     0 | D        | Reached XP level 1. HP: 9/9 MP: 5/5
     1 | D        | Noticed Ijyb
     6 | D        | Killed Ijyb
     6 | D        | Reached skill level 5 in Stealth
     6 | D        | Reached XP level 2. HP: 13/13 MP: 6/8
    11 | D        | Learned a level 2 spell: Ensorcelled Hibernation
    11 | D        | Noticed an ogre
    14 | D        | Killed an ogre
    14 | D        | Reached skill level 8 in Stealth
    14 | D        | Reached skill level 5 in Spellcasting
    14 | D        | Reached XP level 3. HP: 16/16 MP: 7/11
    14 | D        | Reached XP level 4. HP: 21/21 MP: 7/12
    55 | D        | Noticed Sigmund
    58 | D        | Killed Sigmund
    58 | D        | Reached skill level 10 in Stealth
    58 | D        | Reached XP level 5. HP: 24/24 MP: 13/16
    80 | D        | Found an ornate altar of the Wu Jian Council.
    80 | D        | Found a shimmering blue altar of Sif Muna.
    82 | D        | Found a radiant altar of Vehumet.
    86 | D        | Reached XP level 6. HP: 28/28 MP: 17/17
   101 | D        | Found Usuad's Antique Weapon Emporium.
   101 | D        | Found an ancient bone altar of Kikubaaqudgha.
   101 | D        | Found a hazy altar of Hepliaklqana.
   101 | D        | Found a hide-covered altar of Uskayaw.
   101 | D        | Found a basalt altar of Yredelemnul.
   101 | D        | Found an opulent altar of Gozag.
   101 | D        | Found a snail-covered altar of Cheibriados.
   101 | D        | Found a sacrificial altar of Ru.
   101 | D        | Found a shadowy altar of Dithmenos.
   101 | D        | Noticed a yak
   102 | D        | Found a stormy altar of Qazlal.
   102 | D        | Found a blossoming altar of Fedhas.
   102 | D        | Found a bloodstained altar of Trog.
   102 | D        | Found an iron altar of Okawaru.
   102 | D        | Found a glowing golden altar of the Shining One.
   102 | D        | Found a glowing silver altar of Zin.
   102 | D        | Found a white marble altar of Elyvilon.
   103 | D        | Killed a yak
   103 | D        | Reached skill level 5 in Short Blades
   103 | D        | Reached skill level 10 in Dodging
   103 | D        | Reached skill level 12 in Stealth
   104 | D        | Found a sparkling altar of Nemelex Xobeh.
   116 | D        | Noticed Sonja
   120 | D        | Killed Sonja
   120 | D        | Reached skill level 14 in Stealth
   120 | D        | Reached XP level 7. HP: 32/32 MP: 19/19
   125 | D        | Learned a level 3 spell: Confusing Touch
   129 | D        | Learned a level 3 spell: Dazzling Flash
   145 | D        | Noticed a deep troll
   149 | D        | Killed a deep troll
   149 | D        | Reached XP level 8. HP: 36/36 MP: 20/20
   298 | D        | Found Adghajoni's Armour Emporium.
   326 | D        | Found a viscous altar of Jiyva.
   326 | D        | Found a corrupted altar of Lugonu.
   326 | D        | Noticed a slime creature
   327 | D        | Found a burning altar of Makhleb.
   327 | D        | Found a shimmering altar of Xom.
   329 | D        | Killed a slime creature
   341 | D        | Noticed a kobold demonologist
   342 | D        | Noticed a kobold demonologist
   346 | D        | Killed a kobold demonologist
   346 | D        | Reached skill level 10 in Spellcasting
   346 | D        | Reached XP level 9. HP: 39/39 MP: 20/24
   351 | D        | Killed a kobold demonologist
   391 | D        | Noticed a demonic crawler
   391 | D        | Noticed a demonic crawler
   391 | D        | Noticed a demonic crawler
   391 | D        | Noticed a demonic crawler
   609 | D        | Killed a demonic crawler
   722 | D        | Found Zyprel's Armour Boutique.
   730 | D        | Killed a demonic crawler
   734 | D        | Slain by a demonic crawler

Illustrated notes

Levels and vault maps discovered:
D:        dungeon_sprint_1 [red_sonja_temple_1, red_sonja_temple_small_1]

Skill      XL: |  1  2  3  4  5  6  7  8  9 |
---------------+----------------------------+-----
Short Blades   | 2 3 8 |  8.4
Dodging        | 4 6 9 13 | 13.1
Stealth        | 5 8 10 14 | 14.4
Spellcasting   | 4 5 7 10 13 | 13.7
Hexes          | 4 6 8 |  8.1
Throwing       | 8 9 |  9.1

Action                   |  1- 3 |  4- 6 |  7- 9 || total
-------------------------+-------+-------+-------++-------
Melee: Dagger            |     4 |     4 |       ||     8
       Short sword       |       |       |    24 ||    24
Throw: Dart              |       |       |     1 ||     1
 Cast: Dazzling Flash    |       |       |    12 ||    12
 Stab: Sleeping          |     2 |     4 |     4 ||    10
       Invisible         |       |       |     5 ||     5
Armor: Robe              |     1 |       |     1 ||     2
Dodge: Dodged            |     1 |       |    69 ||    70

Table legend:
 A = Non-vault XP
 B = Vault XP
 C = Vault XP percentage of total XP
 D = Non-vault monster count
 E = Vault monster count
 F = Vault count percentage of total count
                 A         B        C        D         E       F
            +---------+---------+-------+---------+---------+-------
      Total |       0 |    4021 | 100.0 |       0 |      13 | 100.0
            +---------+---------+-------+---------+---------+-------
          D |       0 |    4021 | 100.0 |       0 |      13 | 100.0
            +---------+---------+-------+---------+---------+-------
